Map: New Repugnancy LE

Players

Marsman

  • Race: Protoss Protoss
  • League: Master
  • Spawn Location: 1:00

Lambo - Winner!

  • Race: Zerg Zerg
  • League: Master
  • Spawn Location: 7:00

VOD

Have the link to the VOD?

Description

Time

  • Played on: Jan. 24, 2019, 9:40 a.m.
  • Length: 7:29
Show
View Real Time Build Order
Export as new Build Order

Marsman Protoss 

Build Orders: 1 Gate Expand 

Get SALT Encoding   

  12  0:00  Probe  
  13  0:12  Probe  
  14  0:20  Pylon  
  14  0:25  Probe  
  15  0:37  Probe  
  15  0:41  Gateway  
  16  0:47  Probe  
  16  0:49  Assimilator  
  16  0:55  Probe  
  18  1:07  Probe  
  19  1:19  Probe  
  20  1:29  Nexus  
  20  1:40  Cybernetics Core  
  20  1:43  Probe  
  21  1:48  Assimilator  
  21  1:55  Probe  
  21  2:01  Pylon  
  22  2:07  Probe  
  23  2:10  Stalker  
  23  2:19  Probe  
  26  2:28  Robotics Facility  
  26  2:32  Probe  
  27  2:39  Warp Gate  
  27  2:40  Adept  
  27  2:41  Probe x2  
  30  2:49  Probe x2  
  31  2:58  Probe x2  
  35  3:06  Gateway  
  35  3:10  Sentry  
  35  3:12  Immortal  
  37  3:15  Probe  
  38  3:26  Probe  
  43  3:29  Probe  
  43  3:32  Pylon  
  44  3:37  Pylon  
  44  3:38  Probe  
  44  3:40  Immortal  
  45  3:41  Probe  
  46  3:54  Probe  
  51  3:56  Probe  
  52  4:04  Gateway  
  52  4:07  Gateway  
  52  4:09  Probe  
  53  4:11  Probe  
  53  4:14  Assimilator  
  53  4:16  Warp Prism  
  54  4:17  Assimilator  
  56  4:26  Probe  
  56  4:27  Probe  
  56  4:30  Pylon  
  58  4:38  Probe  
  58  4:39  Probe  
  58  4:40  Pylon  
  60  4:50  Observer  
  61  5:01  Sentry x3  
  61  5:02  Gateway  
  61  5:03  Gateway  
  61  5:05  Gateway, Sentry  
  61  5:07  Immortal  
  69  5:08  Gateway  
  73  5:24  Pylon  
  73  5:32  Sentry x2  
  77  5:36  Pylon  
  77  5:37  Pylon  
  77  5:40  Pylon  
  77  5:51  Sentry x2  
  80  6:06  Stalker x6  
  92  6:11  Pylon  
  92  6:26  Stalker x2  
  92  6:32  Stalker x4  
  84  6:50  Sentry  
  84  6:51  Sentry, Zealot x2  
  92  6:55  Zealot x3  
  94  7:12  Stalker  
  94  7:13  Stalker x2  
  68  7:26  Stalker x5  
Show
View Real Time Build Order
Export as new Build Order

Lambo Zerg - Winner!

Build Orders: Hatch First 

Get SALT Encoding   

  12  0:02  Drone  
  13  0:14  Overlord  
  13  0:18  Drone  
  14  0:33  Drone x2  
  16  0:51  Hatchery  
  16  0:54  Drone  
  16  0:56  Drone  
  17  1:00  Drone  
  18  1:10  Extractor  
  17  1:16  Spawning Pool  
  16  1:20  Drone  
  16  1:23  Drone  
  18  1:32  Drone  
  19  1:45  Drone  
  20  1:52  Overlord  
  20  2:03  Queen x2  
  20  2:04  Zergling x4  
  26  2:13  Drone  
  27  2:16  Drone  
  28  2:25  Drone x2  
  30  2:42  Hatchery  
  30  2:44  Drone  
  30  2:46  Drone  
  30  2:48  Drone  
  32  2:51  Overlord  
  32  2:56  Drone  
  33  2:58  Drone  
  34  3:07  Drone  
  34  3:09  Queen  
  34  3:12  Extractor  
  36  3:15  Drone x2  
  36  3:16  Drone x2  
  41  3:20  Drone  
  41  3:26  Drone x2, Lair  
  44  3:31  Roach Warren  
  44  3:33  Overlord  
  43  3:39  Drone  
  44  3:43  Spore Crawler  
  44  3:44  Extractor  
  44  3:45  Extractor  
  44  3:46  Drone x3  
  44  3:54  Drone x3  
  44  3:55  Drone  
  48  3:56  Drone  
  48  4:00  Drone  
  50  4:04  Drone  
  51  4:15  Overlord  
  51  4:16  Overlord  
  51  4:18  Drone x2  
  51  4:19  Drone  
  51  4:23  Overlord  
  54  4:24  Roach x2  
  54  4:26  Overseer  
  54  4:28  Glial Reconstitution  
  54  4:29  Overlord  
  58  4:37  Roach x3  
  64  4:40  Roach  
  64  4:41  Overlord  
  66  4:45  Overlord  
  66  4:47  Overlord  
  66  4:50  Roach  
  68  4:53  Overlord  
  68  4:55  Roach  
  68  4:57  Overlord  
  70  5:00  Overlord x2  
  70  5:02  Overlord  
  70  5:05  Roach  
  72  5:10  Roach x2  
  72  5:12  Drone  
  72  5:13  Metabolic Boost  
  77  5:19  Roach x2  
  81  5:22  Drone, Roach  
  81  5:24  Overlord  
  84  5:32  Drone x4  
  84  5:34  Extractor  
  87  5:39  Queen  
  87  5:41  Zergling x2, Roach x2  
  94  5:50  Roach  
  94  5:51  Roach x4  
  94  5:55  Drone  
  105  5:57  Roach x2  
  105  6:03  Ravager  
  109  6:07  Zergling x8, Roach x2  
  109  6:08  Ravager x2  
  119  6:15  Roach x4  
  127  6:20  Roach  
  127  6:23  Overlord x2  
  127  6:25  Ravager  
  130  6:26  Zergling x2  
  131  6:33  Zergling x8, Roach  
  131  6:38  Zergling x2  
  131  6:39  Zergling x2  
  131  6:42  Zergling x4, Roach x2  
  131  6:44  Zergling x2  
  113  6:49  Roach  
  113  6:52  Ravager  
  112  6:55  Roach x2  
  112  6:56  Ravager  
  112  6:57  Zergling x2  
  112  7:00  Zergling x2, Roach x2  
  122  7:05  Roach x2  
Tags
 
Add a new tag
Caveats
  • Supply blocks, unpowered buildings, or Contaminate may cause inaccurate times.
  • Supply counts are checked every 10 seconds.